 Dungeon Crawl Stone Soup version 0.18.1-8-gdd0e5ea (webtiles) character file.

35 raph the Firebug (level 3, -7/19 HPs)
             Began as a Deep Elf Fire Elementalist on May 30, 2016.
             Mangled by a worm (11 damage)
             ... on level 2 of the Dungeon.
             The game lasted 00:03:31 (1218 turns).

raph the Firebug (Deep Elf Fire Elementalist)       Turns: 1218, Time: 00:03:32

Health: -7/19      AC:  2    Str:  6    XL:     3   Next: 16%
Magic:  0/10       EV: 13    Int: 19    God:
Gold:   95         SH:  0    Dex: 15    Spells: 4 memorised, 0 levels left

rFire  . . .     SeeInvis .     g - +0 dagger
rCold  . . .     Gourm    .     a - +0 robe
rNeg   . . .     Faith    .     (no shield)
rPois  .         Spirit   .     (no helmet)
rElec  .         Dismiss  .     (no cloak)
rCorr  .         Reflect  .     (no gloves)
SustAt .         Harm     .     (no boots)
MR     .....                    (no amulet)
Stlth  ++........               (no ring)
                                (no ring)

@: very slightly contaminated, not resistant to hostile enchantments, unstealthy
A: no striking features
a: no special abilities


You were on level 2 of the Dungeon.
You were not hungry.

You visited 1 branch of the dungeon, and saw 2 of its levels.

You collected 95 gold pieces.

Inventory:

Hand Weapons
 g - a +0 dagger (weapon)
Armour
 a - a +0 robe (worn)
Scrolls
 f - a scroll of fog {unknown}
 i - a scroll of immolation {unknown}
 l - a scroll of enchant armour {unknown}
 m - a scroll of identify {unknown}
Potions
 d - 2 potions of brilliance {unknown}
 e - a potion of mutation {unknown}
 j - a potion of curing {unknown}
 k - a potion of cancellation {unknown}
Books
 b - a book of Flames

   Spells                             Type                      Level
   a - Flame Tongue                   Conjuration/Fire             1
   b - Throw Flame                    Conjuration/Fire             2
   c - Conjure Flame                  Conjuration/Fire             3
   d - Inner Flame                    Hexes/Fire                   3
   e - Sticky Flame                   Conjuration/Fire             4
   f - Fireball                       Conjuration/Fire             5
Comestibles
 c - a bread ration


   Skills:
 + Level 2.8 Dodging
 + Level 2.8 Stealth
 + Level 3.5 Spellcasting
 + Level 1.5 Conjurations
 + Level 3.7 Fire Magic


You couldn't memorise any spells.
You knew the following spells:

 Your Spells              Type           Power        Failure   Level  Hunger
a - Flame Tongue          Conj/Fire      ##...        6%          1    None
b - Throw Flame           Conj/Fire      ##....       10%         2    ##.....
c - Conjure Flame         Conj/Fire      ##......     14%         3    ###....
d - Inner Flame           Hex/Fire       ##......     21%         3    ###....


Dungeon Overview and Level Annotations

Branches:
Dungeon (2/15)

Altars:


Message History

You don't have enough magic to cast that spell.
Casting: Flame Tongue
Confirm with . or Enter, or press ? or * to list all spells.
You don't have enough magic to cast that spell.
Casting: Flame Tongue
Confirm with . or Enter, or press ? or * to list all spells.
Aiming: Flame Tongue
Press: ? - help, Shift-Dir - straight line, f/p - worm
Aim: a worm (severely wounded)
The flame tongue hits the worm.
The worm is severely wounded.
The worm bites you!
* * * LOW HITPOINT WARNING * * *
You hit the worm but do no damage.
The worm is severely wounded.
You barely miss the worm.
The worm is severely wounded.
The worm bites you!
Ouch! That really hurt!
You die...

####)#
#.#
#.#
#.#
#.#
#.#
#.#
#w#
#@#
#.#
#.#
#.#
#<#
###


You could see a worm.

Vanquished Creatures
  An ooze (D:1)
  2 ball pythons (D:1)
  A giant cockroach (D:1)
  3 goblins (D:1)
  3 hobgoblins (D:1)
  2 jackals (D:1)
  6 bats (D:1)
  A giant newt (D:1)
  3 kobolds (D:1)
  6 rats (D:1)
28 creatures vanquished.

Notes
Turn   | Place    | Note
--------------------------------------------------------------
     0 | D:1      | raph the Deep Elf Fire Elementalist began the quest for the Orb.
     0 | D:1      | Reached XP level 1. HP: 10/10 MP: 6/6
     2 | D:1      | Noticed a human
     2 | D:1      | Noticed a troll
     4 | D:1      | Noticed a spriggan
     6 | D:1      | Noticed a draconian
     6 | D:1      | Noticed a minotaur
     8 | D:1      | Noticed a naga
     8 | D:1      | Noticed a dwarf
    10 | D:1      | Noticed a centaur
    10 | D:1      | Noticed a halfling
    12 | D:1      | Noticed a ghoul
    12 | D:1      | Noticed an octopode
    14 | D:1      | Noticed a tengu
    14 | D:1      | Noticed a vampire
    16 | D:1      | Noticed a demigod
    16 | D:1      | Noticed a demonspawn
    18 | D:1      | Noticed an elf
    24 | D:1      | Noticed a vine stalker
    26 | D:1      | Noticed an ogre
    30 | D:1      | Noticed a formicid
    30 | D:1      | Noticed a felid
    32 | D:1      | Noticed a merfolk
    32 | D:1      | Noticed a gargoyle
   275 | D:1      | Reached XP level 2. HP: 15/15 MP: 6/8
   304 | D:1      | Learned a level 2 spell: Throw Flame
   916 | D:1      | Reached XP level 3. HP: 19/19 MP: 3/10
  1156 | D:1      | Learned a level 3 spell: Conjure Flame
  1160 | D:1      | Learned a level 3 spell: Inner Flame
  1218 | D:2      | Mangled by a worm

Action                   || total
-------------------------++-------
Melee: Dagger            ||    17
 Cast: Flame Tongue      ||    59
       Conjure Flame     ||     1
  Eat: Chunk             ||     1
Armor: Robe              ||     7
Dodge: Dodged            ||    29
